 Dungeon Crawl Stone Soup version 0.20-a0-837-g0f21a4d (webtiles) character file.

135 M4edhros the Sneak (level 5, -6/33 HPs)
             Began as an Octopode Artificer on Mar 8, 2017.
             Mangled by Prince Ribbit (7 damage)
             ... on level 5 of the Dungeon.
             The game lasted 00:01:48 (878 turns).

M4edhros the Sneak (Octopode Artificer)              Turns: 878, Time: 00:01:48

Health: -6/33      AC:  1    Str: 11    XL:     5   Next: 18%
Magic:  7/7        EV: 13    Int: 14    God:
Gold:   66         SH:  0    Dex: 13    Spells: 4/4 levels left

rFire    . . .     SeeInvis .   a - +0 short sword
rCold    . . .     Gourm    .   (no shield)
rNeg     . . .     Faith    .   (helmet restricted)
rPois    .         Spirit   .   o - amulet of inaccuracy (curse)
rElec    .         Reflect  .   g - ring of teleportation (curse)
rCorr    .         Harm     .   (no ring)
MR       .....     Rnd*Tele +   (no ring)
Stlth    ++++......             (no ring)
Regen    0.2/turn               (no ring)
MPRegen  0.1/turn               (no ring)
                                (no ring)
                                (no ring)

@: no status effects
A: almost no armour, stealthy swim, amphibious, 8 rings, constrict 8, camouflage
1, gelatinous body 1
a: no special abilities


You were on level 5 of the Dungeon.
You were not hungry.

You visited 1 branch of the dungeon, and saw 5 of its levels.

You collected 66 gold pieces.

Inventory:

Hand Weapons
 a - a +0 short sword (weapon)
Jewellery
 g - a cursed ring of teleportation (left tentacle)
 o - a cursed amulet of inaccuracy (around mantle)
Wands
 b - a wand of flame (15/48)
 c - a wand of enslavement (10/24)
 d - a wand of random effects (9/48)
 l - a wand of disintegration (2/24)
Scrolls
 i - a scroll of fear
Potions
 e - 3 potions of curing {unknown}
 h - a potion of degeneration {unknown}
 j - a potion of resistance {unknown}
Comestibles
 f - a bread ration


   Skills:
 - Level 1.0 Fighting
 - Level 1.0 Short Blades
 - Level 2.0 Dodging
 + Level 7.0 Stealth
 - Level 3.2 Evocations


You had 4 spell levels left.
You didn't know any spells.

Dungeon Overview and Level Annotations

Branches:
Dungeon (5/15)
 Temple: D:4-7

Altars:
Trog

Annotations:
D:5 Prince Ribbit


Innate Abilities, Weirdness & Mutations

You cannot wear most types of armour.
You are very stealthy in the water. (Stealth+)
You are amphibious.
You can wear up to eight rings at the same time.
You can use your tentacles to constrict eight enemies at once.
Your skin changes colour to match your surroundings (Stealth+).
Your rubbery body absorbs attacks. (AC +1, EV +1)


Message History

The bullfrog skeleton closely misses you.
Evoke which item? (* to show all) (? for menu, Esc to quit)
You don't have any such object.
Evoke which item? (* to show all) (? for menu, Esc to quit)
Aiming: Enslavement
Press: ? - help, Shift-Dir - straight line, f/p - bullfrog skeleton
Aim: a bullfrog skeleton (chance to defeat MR: 68%)
The bullfrog skeleton is charmed.
This wand has 10 charges left.
Something hits your bullfrog skeleton! x2
What are your orders? t - Shout!
Orders for allies: a - Attack new target. p - Attack previous target. r - Retreat! s - Stop attacking. g - Guard the area. f - Follow me.
Anything else - Cancel.
Guard this area!
Something hits your bullfrog skeleton. x2
Something hits you. Something hits you!
* * * LOW HITPOINT WARNING * * *
Something hits you!
You die...

..#####.##..# #.##..#
#.##..### ##.##....#
#........# #.###....#
#...## .. .....
#...####.#...##.....
#.###..@...).....#......
...(....####..).........
........# #.#.#.....
..#####.# #.#.#.....
......#.#######.#.#.....
#...........#....$..
###.........ยง...####
###############


There were no monsters in sight!

Vanquished Creatures
  A jelly (D:5)
  Jessica (D:3)
  Ijyb (D:2)
  2 adders
  A worm (D:2)
  A dart slug (D:2)
  2 leopard geckos
  An orc (D:4)
  A ball python (D:4)
  2 giant cockroaches (D:4)
  4 goblins
  3 hobgoblins (D:2)
  A kobold (D:3)
  A quokka (D:4)
  2 frilled lizards
  4 rats
28 creatures vanquished.

Vanquished Creatures (collateral kills)
  A dart slug (D:4)
  A ball python (D:4)
2 creatures vanquished.

Grand Total: 30 creatures vanquished

Notes
Turn   | Place    | Note
-------+----------+-------------------------------------------
     0 | D:1      | M4edhros the Octopode Artificer began the quest for the Orb.
     0 | D:1      | Reached XP level 1. HP: 13/13 MP: 3/3
    14 | D:1      | Reached skill level 2 in Stealth
   170 | D:2      | Reached skill level 3 in Stealth
   170 | D:2      | Reached XP level 2. HP: 17/18 MP: 4/4
   214 | D:2      | Reached skill level 4 in Stealth
   214 | D:2      | Reached XP level 3. HP: 22/23 MP: 5/5
   288 | D:2      | Noticed Ijyb
   299 | D:2      | Killed Ijyb
   299 | D:2      | Reached skill level 5 in Stealth
   530 | D:3      | Reached XP level 4. HP: 26/28 MP: 6/6
   566 | D:3      | Noticed Jessica
   574 | D:3      | Killed Jessica
   574 | D:3      | Reached skill level 6 in Stealth
   818 | D:4      | Found a bloodstained altar of Trog.
   832 | D:5      | Entered Level 5 of the Dungeon
   838 | D:5      | Reached skill level 7 in Stealth
   838 | D:5      | Reached XP level 5. HP: 24/33 MP: 7/7
   852 | D:5      | Noticed Prince Ribbit
   878 | D:5      | HP: 1/33 [something (11)]
   878 | D:5      | Mangled by Prince Ribbit

Vault maps used:
D:1:      minmay_arrival_split_and_join
D:2:      first_bread, uniq_iyjb, uniq_natasha, uniq_sigmund
D:3:      minmay_lizard_king, uniq_jessica
D:4:      bloody_trog, temple_doors_e, grunt_decor_cap, saegor_snake_ambush
D:5:      nicolae_qazlal_general_emergency, basic_altar, uniq_prince_ribbit1

Skill      XL: |  1  2  3  4 |
---------------+-------------+-----
Stealth        | 3 4 5 7 |  7.0
Fighting       | |  1.0
Short Blades   | |  1.0
Dodging        | |  2.0
Evocations     | |  3.2

Action                   |  1- 3 |  4- 6 || total
-------------------------+-------+-------++-------
Melee: Short sword       |    45 |    22 ||    67
       Constrict         |    10 |     4 ||    14
       Tentacles         |     9 |     6 ||    15
Evoke: Wand              |     2 |     9 ||    11
  Use: Scroll            |     1 |     4 ||     5
 Stab: Sleeping          |     6 |     5 ||    11
Armor: Skin              |     1 |     2 ||     3
Dodge: Dodged            |    24 |    14 ||    38
